AA
SIOUX FALLS CANARIES @ SIOUX CITY EXPLORERS
07/01/2072
 
TOP OF THE 1ST
St. Paul Saints batting - Pitching for Lincoln Saltdogs : RHP Jake Gardner
Pitching: RHP Jake Gardner
Batting: RHB Larry Boespflug 0-0: Swinging Strike
0-1: Ball
1-1: Foul Ball, location: 2F
1-2: Ball
2-2: Foul Ball, location: 2F
2-2: Strikes out looking
Batting: RHB Rylan Sandoval 0-0: Ball
1-0: Ball
2-0: Ball
3-0: Called Strike
3-1: Ground out 5-3 (Groundball, 5S, EV 76.2 MPH)
Batting: SHB Davi Entrevinhas 0-0: Called Strike
0-1: Called Strike
0-2: Foul Ball, location: 2F
0-2: Ball
1-2: Ball
2-2: SOLO HOME RUN (Flyball, 7LD, EV 101.9 MPH), Distance : 348 ft
Batting: LHB Jonathan Cruz 0-0: Ball
1-0: Ball
2-0: Ball
3-0: Hit by Pitch, AND HE CHARGES THE MOUND! The benches clear!
Pitching: LHP Kevin Olson
Pinch Runner at 1st Victor Rojas:
Batting: LHB Domingo Ortega 0-0: Ball
1-0: Foul Ball, location: 2F
1-1: Called Strike
1-2: Ball
2-2: Foul Ball, location: 2F
2-2: Foul Ball, location: 2F
2-2: Ground out 4-3 (Groundball, 34, EV 102.5 MPH)
Top of the 1st over - 1 run, 1 hit, 0 errors, 1 left on base; St. Paul 1 - Lincoln 0
BOTTOM OF THE 1ST
Lincoln Saltdogs batting - Pitching for St. Paul Saints : RHP Rich Latham
Pitching: RHP Rich Latham
Now in RF: Victor Rojas
Batting: LHB Tyler Hedderman 0-0: Ball
1-0: Swinging Strike
1-1: Foul Ball, location: 2F
1-2: Ball
2-2: Ball
3-2: Hit by Pitch
Batting: RHB Noah Dotson 0-0: Called Strike
0-1: Ball
Tyler Hedderman steals 2nd base
1-1: Foul Ball, location: 2F
1-2: Ball
2-2: Fly out, F7 (Line Drive, 7, EV 87.5 MPH)
Runner from 2nd tags up, SAFE at 3rd with throw by LF
Batting: LHB Nazir Wilson 0-0: Called Strike
0-1: Swinging Strike
0-2: Ball
1-2: Ball
2-2: Strikes out swinging
Batting: SHB Tony Cantu 0-0: Ball
1-0: Ball
2-0: Ball
3-0: Called Strike
3-1: SINGLE (Groundball, 4MD, EV 106.2 MPH)
Tyler Hedderman scores
Batting: LHB Ricardo Salas 0-0: Swinging Strike
0-1: Ball
1-1: Foul Ball, location: 2F
1-2: Strikes out swinging
Bottom of the 1st over - 1 run, 1 hit, 0 errors, 1 left on base; St. Paul 1 - Lincoln 1
TOP OF THE 2ND
St. Paul Saints batting - Pitching for Lincoln Saltdogs : LHP Kevin Olson
Batting: LHB Jared Mack 0-0: Fly out, F9 (Flyball, 89M, EV 83.8 MPH)
Batting: RHB Eduardo Rios 0-0: Ball
1-0: Swinging Strike
1-1: Swinging Strike
1-2: Reached on error, E5 (Groundball, 56, EV 105.0 MPH)
Batting: LHB Eddie Larracuente 0-0: Ball
1-0: Called Strike
1-1: Fly out, F8 (Line Drive, 8RD, EV 92.5 MPH)
Batting: LHB James Skelton 0-0: Ball
1-0: Foul Ball, location: 2F
1-1: Ball
2-1: Foul Ball, location: 2F
2-2: Foul Ball, location: 2F
2-2: Fly out, F8 (Flyball, 78D, EV 91.9 MPH)
Top of the 2nd over - 0 runs, 0 hits, 1 error, 1 left on base; St. Paul 1 - Lincoln 1
BOTTOM OF THE 2ND
Lincoln Saltdogs batting - Pitching for St. Paul Saints : RHP Rich Latham
Batting: LHB Adrian Moreno 0-0: Called Strike
0-1: Ground out 6-3 (Groundball, 6, EV 82.5 MPH)
Batting: RHB Manny Bentancourt 0-0: Ball
1-0: Ball
2-0: SINGLE (Groundball, 34D, EV 96.9 MPH)
Batting: RHB John Urban 0-0: Ball
1-0: Ball
Wild Pitch!
Manny Bentancourt to second
2-0: SINGLE (Flyball, 9S, EV 84.4 MPH)
Manny Bentancourt to third
Runner from 3rd tries for Home, SAFE, throw by RF to home
Batting: RHB Juan Ruiz 0-0: Grounds into double play, 3-6-3 (Groundball, 3, EV 104.4 MPH)
Bottom of the 2nd over - 1 run, 2 hits, 0 errors, 0 left on base; St. Paul 1 - Lincoln 2
TOP OF THE 3RD
St. Paul Saints batting - Pitching for Lincoln Saltdogs : LHP Kevin Olson
Batting: RHB Larry Boespflug 0-0: Ball
1-0: Ball
2-0: Ball
3-0: Base on Balls
Batting: RHB Rylan Sandoval 0-0: Ball
1-0: Called Strike
1-1: Fly out, F8 (Flyball, 8RM, EV 90.0 MPH)
Batting: SHB Davi Entrevinhas 0-0: Ball
1-0: Foul Ball, location: 2F
1-1: Called Strike
1-2: Ball
2-2: Ball
3-2: 2-RUN HOME RUN (Flyball, 7D, EV 93.8 MPH), Distance : 394 ft
Batting: LHB Victor Rojas 0-0: Called Strike
0-1: Ball
1-1: Fly out, F5 (Popup, 6S, EV 69.4 MPH)
Batting: LHB Domingo Ortega 0-0: SOLO HOME RUN (Flyball, 89XD, EV 102.5 MPH), Distance : 432 ft
Batting: LHB Jared Mack 0-0: Called Strike
0-1: Ball
1-1: Called Strike
1-2: Ball
2-2: Ball
3-2: Ground out 6-3 (Groundball, 6M, EV 89.4 MPH)
Top of the 3rd over - 3 runs, 2 hits, 0 errors, 0 left on base; St. Paul 4 - Lincoln 2
BOTTOM OF THE 3RD
Lincoln Saltdogs batting - Pitching for St. Paul Saints : RHP Rich Latham
Batting: LHB Tyler Hedderman 0-0: Called Strike
0-1: Swinging Strike
0-2: Ball
1-2: Foul Ball, location: 2F
1-2: Ball
2-2: DOUBLE (Line Drive, 78D, EV 108.8 MPH)
Batting: RHB Noah Dotson 0-0: Ball
1-0: Ball
2-0: Foul Ball, location: 2F
2-1: Ball
3-1: Fly out, F8 (Line Drive, 8RD, EV 89.4 MPH)
Batting: LHB Nazir Wilson 0-0: SINGLE (Groundball, 4D, EV 96.2 MPH)
Tyler Hedderman to third
Runner from 3rd tries for Home, SAFE, throw by CF to home
Batting: SHB Tony Cantu 0-0: Ball
1-0: Fly out, F8 (Line Drive, 8RD, EV 93.8 MPH)
Batting: LHB Ricardo Salas 0-0: Ball
1-0: Ball
2-0: Called Strike
2-1: Ball
3-1: Called Strike
3-2: Base on Balls
Nazir Wilson to second
Batting: LHB Adrian Moreno 0-0: Fly out, F9 (Flyball, 89XD, EV 90.0 MPH)
Bottom of the 3rd over - 1 run, 2 hits, 0 errors, 2 left on base; St. Paul 4 - Lincoln 3
TOP OF THE 4TH
St. Paul Saints batting - Pitching for Lincoln Saltdogs : LHP Kevin Olson
Batting: RHB Eduardo Rios 0-0: Ground out 1-3 (Groundball, 34S, EV 66.9 MPH)
Batting: LHB Eddie Larracuente 0-0: SINGLE (Groundball, 34D, EV 100.0 MPH)
Batting: LHB James Skelton 0-0: Grounds into double play, 4-6-3 (Groundball, 4, EV 107.5 MPH)
Top of the 4th over - 0 runs, 1 hit, 0 errors, 0 left on base; St. Paul 4 - Lincoln 3
BOTTOM OF THE 4TH
Lincoln Saltdogs batting - Pitching for St. Paul Saints : RHP Rich Latham
Batting: RHB Manny Bentancourt 0-0: Ball
1-0: Foul Ball, location: 2F
1-1: Called Strike
1-2: Fly out, F9 (Line Drive, 9, EV 101.9 MPH)
Batting: RHB John Urban 0-0: Ball
1-0: Ground out 6-3 (Groundball, 6, EV 89.4 MPH)
Batting: RHB Juan Ruiz 0-0: Foul Ball, location: 2F
0-1: Called Strike
0-2: Fly out, F7 (Flyball, 7, EV 71.2 MPH)
Bottom of the 4th over - 0 runs, 0 hits, 0 errors, 0 left on base; St. Paul 4 - Lincoln 3
TOP OF THE 5TH
St. Paul Saints batting - Pitching for Lincoln Saltdogs : LHP Kevin Olson
Batting: RHB Larry Boespflug 0-0: Ball
1-0: Ball
2-0: Foul Ball, location: 2F
2-1: Swinging Strike
2-2: Ball
3-2: Fly out, F9 (Flyball, 89M, EV 90.0 MPH)
Batting: RHB Rylan Sandoval 0-0: Ball
1-0: Ball
2-0: Called Strike
2-1: Foul Ball, location: 2F
2-2: Strikes out swinging
Batting: SHB Davi Entrevinhas 0-0: Ball
1-0: Called Strike
1-1: Swinging Strike
1-2: Ball
2-2: Ball
3-2: Base on Balls
Pitching: RHP Jake Hohensee
Batting: LHB Victor Rojas 0-0: SINGLE (Line Drive, 89S, EV 105.6 MPH)
Davi Entrevinhas to second
Batting: LHB Domingo Ortega 0-0: Called Strike
0-1: Ball
1-1: 3-RUN HOME RUN (Flyball, 9D, EV 106.2 MPH), Distance : 379 ft
Batting: LHB Jared Mack 0-0: Ball
1-0: Ball
2-0: Called Strike
2-1: SINGLE (Flyball, 78S, EV 91.2 MPH)
Batting: RHB Eduardo Rios 0-0: Ball
1-0: SINGLE (Flyball, 5D, EV 100.0 MPH)
Jared Mack to second
Batting: LHB Eddie Larracuente 0-0: Called Strike
0-1: Ball
1-1: Called Strike
1-2: Ground out 4-3 (Groundball, 4, EV 104.4 MPH)
Top of the 5th over - 3 runs, 4 hits, 0 errors, 2 left on base; St. Paul 7 - Lincoln 3
BOTTOM OF THE 5TH
Lincoln Saltdogs batting - Pitching for St. Paul Saints : RHP Rich Latham
Batting: LHB Tyler Hedderman 0-0: Ball
1-0: Ball
2-0: Ball
3-0: Base on Balls
Batting: RHB Noah Dotson 0-0: Fly out, F7 (Flyball, 78M, EV 85.0 MPH)
Batting: LHB Nazir Wilson 0-0: Called Strike
Tyler Hedderman is caught stealing 2nd base 2-6
0-1: Foul Ball, location: 2F
0-2: Ball
1-2: Strikes out swinging
Bottom of the 5th over - 0 runs, 0 hits, 0 errors, 0 left on base; St. Paul 7 - Lincoln 3
TOP OF THE 6TH
St. Paul Saints batting - Pitching for Lincoln Saltdogs : RHP Jake Hohensee
Batting: LHB James Skelton 0-0: SINGLE (Groundball, 3D, EV 95.0 MPH)
Batting: RHB Larry Boespflug 0-0: Called Strike
0-1: Called Strike
0-2: Strikes out swinging
Batting: RHB Rylan Sandoval 0-0: Ball
1-0: Swinging Strike
1-1: Called Strike
1-2: Ball
2-2: Ball
3-2: Foul Ball, location: 2F
3-2: Foul Ball, location: 2F
3-2: Base on Balls
James Skelton to second
Batting: SHB Davi Entrevinhas 0-0: Ball
1-0: Called Strike
1-1: Foul Ball, location: 2F
1-2: Strikes out swinging
Batting: LHB Victor Rojas 0-0: Ground out U3 (Groundball, 34, EV 106.9 MPH)
Top of the 6th over - 0 runs, 1 hit, 0 errors, 2 left on base; St. Paul 7 - Lincoln 3
BOTTOM OF THE 6TH
Lincoln Saltdogs batting - Pitching for St. Paul Saints : RHP Rich Latham
Batting: SHB Tony Cantu 0-0: Fly out, F8 (Flyball, 78S, EV 92.5 MPH)
Batting: LHB Ricardo Salas 0-0: Ball
1-0: Ball
2-0: Called Strike
2-1: Swinging Strike
2-2: Ball
3-2: Ground out 4-3 (Groundball, 4S, EV 79.4 MPH)
Batting: LHB Adrian Moreno 0-0: Foul Ball, location: 2F
0-1: SINGLE (Groundball, 4D, EV 101.2 MPH)
Batting: RHB Manny Bentancourt 0-0: Called Strike
0-1: Fly out, F6 (Line Drive, 6, EV 70.6 MPH)
Bottom of the 6th over - 0 runs, 1 hit, 0 errors, 1 left on base; St. Paul 7 - Lincoln 3
TOP OF THE 7TH
St. Paul Saints batting - Pitching for Lincoln Saltdogs : RHP Jake Hohensee
Batting: LHB Domingo Ortega 0-0: Ball
1-0: Ball
2-0: Foul Ball, location: 2F
2-1: Swinging Strike
2-2: Ball
3-2: Base on Balls
Batting: LHB Jared Mack 0-0: Ball
1-0: Ball
2-0: Bunt - Flyout to 23! F3
Batting: RHB Eduardo Rios 0-0: Ball
1-0: Foul Ball, location: 2F
1-1: Fly out, F7 (Flyball, 7S, EV 90.6 MPH)
Batting: LHB Eddie Larracuente 0-0: Ball
Wild Pitch!
Domingo Ortega to second
1-0: Called Strike
1-1: Ball
2-1: Ball
3-1: Swinging Strike
3-2: Foul Ball, location: 2F
3-2: Base on Balls
Pitching: LHP Alex Garcia
Batting: LHB James Skelton 0-0: Swinging Strike
0-1: Swinging Strike
0-2: Ball
1-2: Foul Ball, location: 2F
1-2: Strikes out swinging
Top of the 7th over - 0 runs, 0 hits, 0 errors, 2 left on base; St. Paul 7 - Lincoln 3
BOTTOM OF THE 7TH
Lincoln Saltdogs batting - Pitching for St. Paul Saints : RHP Rich Latham
Batting: RHB John Urban 0-0: Ball
1-0: Ball
2-0: Swinging Strike
2-1: Foul Ball, location: 2F
2-2: Foul Ball, location: 2F
2-2: Foul Ball, location: 2F
2-2: Strikes out swinging
Batting: RHB Juan Ruiz 0-0: Ball
1-0: Called Strike
1-1: Fly out, F7 (Flyball, 78D, EV 101.9 MPH)
Batting: LHB Tyler Hedderman 0-0: Called Strike
0-1: Ball
1-1: Ball
2-1: Called Strike
2-2: Ball
3-2: Base on Balls
Pitching: LHP John Havird
Batting: RHB Noah Dotson 0-0: Called Strike
Tyler Hedderman steals 2nd base
0-1: Ball
Wild Pitch!
Tyler Hedderman to third
1-1: TRIPLE (Flyball, 89XD, EV 106.2 MPH)
Tyler Hedderman scores
Batting: LHB Nazir Wilson 0-0: SINGLE (Line Drive, 8LS, EV 111.9 MPH)
Noah Dotson scores
Batting: SHB Tony Cantu 0-0: Foul Ball, location: 2F
0-1: Ball
1-1: Ball
2-1: Foul Ball, location: 2F
2-2: Foul Ball, location: 2F
2-2: Foul Ball, location: 2F
2-2: Foul Ball, location: 2F
2-2: Foul Ball, location: 2F
2-2: Fielders Choice at 2nd, 5-4 (Groundball, 56, EV 86.2 MPH)
Bottom of the 7th over - 2 runs, 2 hits, 0 errors, 1 left on base; St. Paul 7 - Lincoln 5
TOP OF THE 8TH
St. Paul Saints batting - Pitching for Lincoln Saltdogs : LHP Alex Garcia
Batting: RHB Larry Boespflug 0-0: Ball
1-0: Called Strike
1-1: Foul Ball, location: 2F
1-2: Ball
2-2: Ball
3-2: Base on Balls
Batting: RHB Rylan Sandoval 0-0: Swinging Strike
0-1: Foul Ball, location: 2F
0-2: Ball
1-2: Foul Ball, location: 2F
1-2: Strikes out swinging
Batting: SHB Davi Entrevinhas 0-0: Ball
1-0: Foul Ball, location: 2F
1-1: Called Strike
1-2: Ball
2-2: Strikes out swinging
Larry Boespflug steals 2nd base
Batter strikes out.
Batting: LHB Victor Rojas 0-0: Foul Ball, location: 2F
0-1: Ball
1-1: Fly out, F8 (Flyball, 8LD, EV 101.9 MPH)
Top of the 8th over - 0 runs, 0 hits, 0 errors, 1 left on base; St. Paul 7 - Lincoln 5
BOTTOM OF THE 8TH
Lincoln Saltdogs batting - Pitching for St. Paul Saints : LHP John Havird
Batting: LHB Ricardo Salas 0-0: Ball
1-0: Ball
2-0: Foul Ball, location: 2F
2-1: Fly out, F9 (Flyball, 89D, EV 98.8 MPH)
Batting: LHB Adrian Moreno 0-0: Foul Ball, location: 2F
0-1: Called Strike
0-2: Ball
1-2: Strikes out swinging
Batting: RHB Manny Bentancourt 0-0: Swinging Strike
0-1: Ball
1-1: Ball
2-1: DOUBLE (Line Drive, 89M, EV 99.4 MPH)
Batting: RHB John Urban 0-0: Foul Ball, location: 2F
0-1: Swinging Strike
0-2: Ball
1-2: Strikes out swinging
Bottom of the 8th over - 0 runs, 1 hit, 0 errors, 1 left on base; St. Paul 7 - Lincoln 5
TOP OF THE 9TH
St. Paul Saints batting - Pitching for Lincoln Saltdogs : LHP Alex Garcia
Batting: LHB Domingo Ortega 0-0: Ball
1-0: Ball
2-0: Called Strike
2-1: SINGLE (Groundball, 4MD, EV 108.8 MPH)
Batting: LHB Jared Mack 0-0: Called Strike
0-1: Swinging Strike
0-2: Foul Ball, location: 2F
0-2: Hit by Pitch
Domingo Ortega to second
Pitching: RHP Ryan Richardson
Batting: RHB Eduardo Rios 0-0: Ball
1-0: Swinging Strike
1-1: Swinging Strike
1-2: Ball
2-2: Strikes out swinging
Batting: LHB Eddie Larracuente 0-0: Called Strike
0-1: Ball
1-1: Foul Ball, location: 2F
1-2: Fly out, F7 (Flyball, 7, EV 92.5 MPH)
Batting: LHB James Skelton 0-0: Ball
1-0: SINGLE (Groundball, 3S, EV 62.5 MPH) (infield hit)
Domingo Ortega to third
Jared Mack to second
Batting: RHB Larry Boespflug 0-0: Called Strike
0-1: Ball
1-1: Fly out, F5 (Popup, 5F, EV 70.6 MPH)
Top of the 9th over - 0 runs, 2 hits, 0 errors, 3 left on base; St. Paul 7 - Lincoln 5
BOTTOM OF THE 9TH
Lincoln Saltdogs batting - Pitching for St. Paul Saints : LHP John Havird
Pitching: LHP Jake Casey
Batting: RHB Juan Ruiz 0-0: Ball
1-0: Called Strike
1-1: Foul Ball, location: 2F
1-2: Ground out 5-3 (Groundball, 5, EV 80.0 MPH)
Batting: LHB Tyler Hedderman 0-0: Ball
1-0: Ball
2-0: Ball
3-0: Called Strike
3-1: Foul Ball, location: 2F
3-2: Reached on error, E9 (Flyball, 89S, EV 90.6 MPH)
Batting: RHB Noah Dotson 0-0: Ball
1-0: Called Strike
1-1: Foul Ball, location: 2F
1-2: Ball
2-2: Ball
3-2: Base on Balls
Tyler Hedderman to second
Pinch Hitting: RHB Mike Cunningham 0-0: Fly out, F4 (Popup, 3S, EV 88.1 MPH)
Batting: SHB Tony Cantu 0-0: Hit by Pitch
Tyler Hedderman to third
Noah Dotson to second
Batting: LHB Ricardo Salas 0-0: Foul Ball, location: 2F
0-1: Called Strike
0-2: Strikes out swinging
Bottom of the 9th over - 0 runs, 0 hits, 1 error, 3 left on base; St. Paul 7 - Lincoln 5
Tuesday, October 26th , 2021 - OOTP Baseball 22.10 Build 79